EL
MISSISSIPPI BRAVES @ ALTOONA CURVE
07/18/2045
 
TOP OF THE 1ST
Mississippi Braves batting - Pitching for Altoona Curve : RHP Jeff Crescimanno
Pitching: RHP Jeff Crescimanno
Batting: RHB Alex Munoz 0-0: Foul Ball, location: 2F
0-1: Swinging Strike
0-2: Foul Ball, location: 2F
0-2: Strikes out swinging
Batting: RHB Riley Nasiir 0-0: Swinging Strike
0-1: Foul Ball, location: 2F
0-2: Foul Ball, location: 2F
0-2: Foul Ball, location: 2F
0-2: Fly out, F8 (Flyball, 8RM, EV 91.2 MPH)
Batting: LHB Jose Chinchilla 0-0: Ball
1-0: Called Strike
1-1: Foul Ball, location: 2F
1-2: Ball
2-2: Foul Ball, location: 2F
2-2: Ball
3-2: Foul Ball, location: 2F
3-2: Foul Ball, location: 2F
3-2: Foul Ball, location: 2F
3-2: Ground out U3 (Groundball, 3, EV 83.8 MPH)
Top of the 1st over - 0 runs, 0 hits, 0 errors, 0 left on base; Mississippi 0 - Altoona 0
BOTTOM OF THE 1ST
Altoona Curve batting - Pitching for Mississippi Braves : RHP Phil Sell
Pitching: RHP Phil Sell
Batting: RHB Ron Corn 0-0: Ball
1-0: Foul Ball, location: 2F
1-1: Ball
2-1: Swinging Strike
2-2: Foul Ball, location: 2F
2-2: Ball
3-2: SINGLE (Groundball, 4S, EV 70.0 MPH) (infield hit)
Batting: RHB Nelson Ozuna 0-0: Called Strike
0-1: Ball
1-1: SINGLE (Groundball, 56D, EV 106.2 MPH) (infield hit)
Ron Corn to second
Batting: LHB Micah Boshnjaku 0-0: Foul Ball, location: 2F
0-1: Ball
1-1: Ball
2-1: Ball
3-1: Fly out, F7 (Flyball, 7D, EV 98.8 MPH)
Batting: RHB Jeremy Boerman 0-0: Ball
Ron Corn steals 3rd base
1-0: Ball
2-0: Foul Ball, location: 2F
2-1: Ball
3-1: Swinging Strike
3-2: Base on Balls
Nelson Ozuna to second
Batting: RHB Brian Moore 0-0: Ground out U3 (Groundball, 34S, EV 73.8 MPH)
Ron Corn scores
Nelson Ozuna to third
Jeremy Boerman to second
Batting: RHB Chris Pozzi 0-0: Called Strike
0-1: Ball
1-1: Ground out 4-3 (Groundball, 4, EV 100.6 MPH)
Bottom of the 1st over - 1 run, 2 hits, 0 errors, 2 left on base; Mississippi 0 - Altoona 1
TOP OF THE 2ND
Mississippi Braves batting - Pitching for Altoona Curve : RHP Jeff Crescimanno
Batting: SHB Bob Morales 0-0: Ball
1-0: Swinging Strike
1-1: Ball
2-1: Ball
3-1: Base on Balls
Batting: RHB Justin McQuarter 0-0: Ball
1-0: Called Strike
1-1: Swinging Strike
1-2: 2-RUN HOME RUN (Flyball, 8RXD, EV 115.6 MPH), Distance : 461 ft
Batting: RHB Jack Power 0-0: Ball
1-0: Ground out 5-3 (Groundball, 56, EV 110.0 MPH)
Batting: RHB Alex Velasquez 0-0: Called Strike
0-1: Ball
1-1: Ball
2-1: Swinging Strike
2-2: Foul Ball, location: 2F
2-2: Strikes out swinging
Batting: LHB Jon Burgos 0-0: Ball
1-0: Ball
2-0: Called Strike
2-1: Called Strike
2-2: SINGLE (Groundball, 34D, EV 104.4 MPH)
Batting: RHB Johnny Burroughs 0-0: Fly out, F8 (Flyball, 89D, EV 105.0 MPH)
Top of the 2nd over - 2 runs, 2 hits, 0 errors, 1 left on base; Mississippi 2 - Altoona 1
BOTTOM OF THE 2ND
Altoona Curve batting - Pitching for Mississippi Braves : RHP Phil Sell
Batting: LHB Jesse Henly 0-0: Called Strike
0-1: Ball
1-1: Ball
2-1: SOLO HOME RUN (Flyball, 9D, EV 99.4 MPH), Distance : 386 ft
Batting: LHB Aito Harada 0-0: Swinging Strike
0-1: Ball
1-1: SINGLE (Line Drive, 5D, EV 99.4 MPH)
Batting: RHB Killian Jones 0-0: Called Strike
0-1: Foul Ball, location: 2F
0-2: Strikes out looking
Batting: RHB Ron Corn 0-0: Grounds into double play, 5-4-3 (Groundball, 56, EV 88.1 MPH)
Bottom of the 2nd over - 1 run, 2 hits, 0 errors, 0 left on base; Mississippi 2 - Altoona 2
TOP OF THE 3RD
Mississippi Braves batting - Pitching for Altoona Curve : RHP Jeff Crescimanno
Batting: RHB Alex Munoz 0-0: Called Strike
0-1: Ground out 4-3 (Groundball, 4M, EV 105.0 MPH)
Batting: RHB Riley Nasiir 0-0: Ball
1-0: Swinging Strike
1-1: SINGLE (Groundball, 3D, EV 98.1 MPH)
Batting: LHB Jose Chinchilla 0-0: Ball
1-0: Ball
Riley Nasiir steals 2nd base (no throw)
2-0: Ground out 6-3 (Groundball, 6, EV 83.1 MPH)
Riley Nasiir to third
Batting: SHB Bob Morales 0-0: Ball
1-0: Foul Ball, location: 2F
1-1: Ball
2-1: Foul Ball, location: 2F
2-2: Ball
Wild Pitch!
Riley Nasiir scores
3-2: Foul Ball, location: 2F
3-2: Strikes out swinging
Top of the 3rd over - 1 run, 1 hit, 0 errors, 0 left on base; Mississippi 3 - Altoona 2
BOTTOM OF THE 3RD
Altoona Curve batting - Pitching for Mississippi Braves : RHP Phil Sell
Batting: RHB Nelson Ozuna 0-0: Ball
1-0: Ball
2-0: Called Strike
2-1: Foul Ball, location: 2F
2-2: Ball
3-2: Base on Balls
Batting: LHB Micah Boshnjaku 0-0: Called Strike
0-1: Called Strike
0-2: Ball
1-2: Strikes out looking
Batting: RHB Jeremy Boerman 0-0: Ball
Nelson Ozuna steals 2nd base
1-0: Ball
2-0: Ball
3-0: Called Strike
3-1: Base on Balls
Batting: RHB Brian Moore 0-0: Ball
1-0: Ball
2-0: Ball
3-0: Base on Balls
Nelson Ozuna to third
Jeremy Boerman to second
Batting: RHB Chris Pozzi 0-0: Called Strike
0-1: Ball
1-1: Foul Ball, location: 2F
1-2: Fly out, F2 (Popup, 25F, EV 90.0 MPH)
Batting: LHB Jesse Henly 0-0: Ball
1-0: Swinging Strike
1-1: Fly out, F7 (Line Drive, 7, EV 98.8 MPH)
Bottom of the 3rd over - 0 runs, 0 hits, 0 errors, 3 left on base; Mississippi 3 - Altoona 2
TOP OF THE 4TH
Mississippi Braves batting - Pitching for Altoona Curve : RHP Jeff Crescimanno
Batting: RHB Justin McQuarter 0-0: Called Strike
0-1: Foul Ball, location: 2F
0-2: Strikes out swinging
Batting: RHB Jack Power 0-0: Ball
1-0: Ball
2-0: Swinging Strike
2-1: Ball
3-1: Ground out 4-3 (Groundball, 4, EV 93.8 MPH)
Batting: RHB Alex Velasquez 0-0: Ball
1-0: Ground out U3 (Groundball, 34S, EV 86.2 MPH)
Top of the 4th over - 0 runs, 0 hits, 0 errors, 0 left on base; Mississippi 3 - Altoona 2
BOTTOM OF THE 4TH
Altoona Curve batting - Pitching for Mississippi Braves : RHP Phil Sell
Batting: LHB Aito Harada 0-0: Ball
1-0: Foul Ball, location: 2F
1-1: Foul Ball, location: 2F
1-2: Foul Ball, location: 2F
1-2: Strikes out swinging
Batting: RHB Killian Jones 0-0: Ball
1-0: Ball
2-0: Foul Ball, location: 2F
2-1: Called Strike
2-2: Ball
3-2: Strikes out swinging
Batting: RHB Ron Corn 0-0: DOUBLE (Flyball, 8RXD, EV 110.0 MPH)
Batting: RHB Nelson Ozuna 0-0: Called Strike
0-1: Ground out 6-3 (Groundball, 6, EV 106.9 MPH)
Bottom of the 4th over - 0 runs, 1 hit, 0 errors, 1 left on base; Mississippi 3 - Altoona 2
TOP OF THE 5TH
Mississippi Braves batting - Pitching for Altoona Curve : RHP Jeff Crescimanno
Batting: LHB Jon Burgos 0-0: Ball
1-0: Foul Ball, location: 2F
1-1: Ball
2-1: SINGLE (Line Drive, 89M, EV 92.5 MPH)
Batting: RHB Johnny Burroughs 0-0: Foul Ball, location: 2F
0-1: Ball
1-1: Ball
2-1: Swinging Strike
2-2: Grounds into double play, 5-4-3 (Groundball, 56, EV 103.1 MPH)
Batting: RHB Alex Munoz 0-0: Foul Ball, location: 2F
0-1: Foul Ball, location: 2F
0-2: Ball
1-2: Foul Ball, location: 2F
1-2: Ball
2-2: Ground out 4-3 (Groundball, 4, EV 105.6 MPH)
Top of the 5th over - 0 runs, 1 hit, 0 errors, 0 left on base; Mississippi 3 - Altoona 2
BOTTOM OF THE 5TH
Altoona Curve batting - Pitching for Mississippi Braves : RHP Phil Sell
Batting: LHB Micah Boshnjaku 0-0: Ball
1-0: Ball
2-0: SINGLE (Groundball, 6MS, EV 71.9 MPH) (infield hit)
Batting: RHB Jeremy Boerman 0-0: Called Strike
Micah Boshnjaku steals 2nd base
0-1: Ground out 4-3 (Groundball, 4S, EV 92.5 MPH)
Micah Boshnjaku to third
Batting: RHB Brian Moore 0-0: Called Strike
0-1: Ball
1-1: Swinging Strike
1-2: Foul Ball, location: 2F
1-2: Ball
2-2: Foul Ball, location: 2F
2-2: Strikes out swinging
Batting: RHB Chris Pozzi 0-0: Ball
1-0: SINGLE (Line Drive, 7S, EV 92.5 MPH)
Micah Boshnjaku scores
Batting: LHB Jesse Henly 0-0: Ball
1-0: Ball
2-0: Fly out, F4 (Line Drive, 4, EV 71.9 MPH)
Bottom of the 5th over - 1 run, 2 hits, 0 errors, 1 left on base; Mississippi 3 - Altoona 3
TOP OF THE 6TH
Mississippi Braves batting - Pitching for Altoona Curve : RHP Jeff Crescimanno
Batting: RHB Riley Nasiir 0-0: Called Strike
0-1: Foul Ball, location: 2F
0-2: Foul Ball, location: 2F
0-2: Ball
1-2: Strikes out swinging
Batting: LHB Jose Chinchilla 0-0: Ball
1-0: Ball
2-0: Fly out, F7 (Flyball, 7S, EV 76.9 MPH)
Pitching: RHP Serguei Rudakovsky
Batting: SHB Bob Morales 0-0: Fly out, F8 (Flyball, 78D, EV 85.6 MPH)
Top of the 6th over - 0 runs, 0 hits, 0 errors, 0 left on base; Mississippi 3 - Altoona 3
BOTTOM OF THE 6TH
Altoona Curve batting - Pitching for Mississippi Braves : RHP Phil Sell
Batting: LHB Aito Harada 0-0: Ball
1-0: Fly out, F8 (Flyball, 78D, EV 101.2 MPH)
Batting: RHB Killian Jones 0-0: Called Strike
0-1: Fly out, F8 (Flyball, 8RM, EV 83.8 MPH)
Batting: RHB Ron Corn 0-0: Called Strike
0-1: Foul Ball, location: 2F
0-2: Ball
1-2: Ball
2-2: Foul Ball, location: 2F
2-2: Foul Ball, location: 2F
2-2: Ball
3-2: Strikes out looking
Bottom of the 6th over - 0 runs, 0 hits, 0 errors, 0 left on base; Mississippi 3 - Altoona 3
TOP OF THE 7TH
Mississippi Braves batting - Pitching for Altoona Curve : RHP Serguei Rudakovsky
Pitching: RHP Joel Olausson
Batting: RHB Justin McQuarter 0-0: Called Strike
0-1: Fly out, F8 (Flyball, 89M, EV 93.1 MPH)
Batting: RHB Jack Power 0-0: Fly out, F7 (Flyball, 7LM, EV 88.1 MPH)
Batting: RHB Alex Velasquez 0-0: Ball
1-0: Fly out, F8 (Flyball, 89D, EV 93.1 MPH)
Top of the 7th over - 0 runs, 0 hits, 0 errors, 0 left on base; Mississippi 3 - Altoona 3
BOTTOM OF THE 7TH
Altoona Curve batting - Pitching for Mississippi Braves : RHP Phil Sell
Pitching: LHP Jason Zaugg
Batting: RHB Nelson Ozuna 0-0: Ball
1-0: Foul Ball, location: 2F
1-1: Swinging Strike
1-2: Ball
2-2: SINGLE (Groundball, 56, EV 95.6 MPH)
Batting: LHB Micah Boshnjaku 0-0: Fly out, F7 (Line Drive, 7, EV 92.5 MPH)
Batting: RHB Jeremy Boerman 0-0: Called Strike
0-1: Ball
1-1: Ball
Nelson Ozuna steals 2nd base
2-1: Intentional Walk
Batting: RHB Brian Moore 0-0: Called Strike
0-1: Ball
1-1: Ball
2-1: Foul Ball, location: 2F
2-2: Ground out 6-3 (Groundball, 6MS, EV 85.6 MPH)
Nelson Ozuna to third
Jeremy Boerman to second
Batting: RHB Chris Pozzi 0-0: Intentional Walk
Batting: LHB Jesse Henly 0-0: Swinging Strike
0-1: Foul Ball, location: 2F
0-2: Ground out U3 (Groundball, 3S, EV 88.8 MPH)
Bottom of the 7th over - 0 runs, 1 hit, 0 errors, 3 left on base; Mississippi 3 - Altoona 3
TOP OF THE 8TH
Mississippi Braves batting - Pitching for Altoona Curve : RHP Joel Olausson
Batting: LHB Jon Burgos 0-0: Swinging Strike
0-1: Ball
1-1: Called Strike
1-2: Strikes out swinging, 2-3 out at first.
Pinch Hitting: LHB Mark Buchholz 0-0: Called Strike
0-1: Foul Ball, location: 2F
0-2: Strikes out swinging
Batting: RHB Alex Munoz 0-0: Called Strike
0-1: Ball
1-1: Foul Ball, location: 2F
1-2: SINGLE (Flyball, 78S, EV 93.8 MPH)
Batting: RHB Riley Nasiir 0-0: Ball
Alex Munoz is caught stealing 2nd base 2-4
Top of the 8th over - 0 runs, 1 hit, 0 errors, 0 left on base; Mississippi 3 - Altoona 3
BOTTOM OF THE 8TH
Altoona Curve batting - Pitching for Mississippi Braves : LHP Jason Zaugg
Pitching: RHP Andy Kiefer
Now at C: Brian Huebner
Batting: LHB Aito Harada 0-0: Ball
1-0: Called Strike
1-1: Ball
2-1: Swinging Strike
2-2: Ball
3-2: Foul Ball, location: 2F
3-2: Base on Balls
Batting: RHB Killian Jones 0-0: Foul Ball, location: 2F
0-1: Swinging Strike
0-2: Strikes out swinging
Batting: RHB Ron Corn 0-0: Ball
1-0: Called Strike
1-1: Foul Ball, location: 2F
1-2: Ball
2-2: SINGLE (Groundball, 56D, EV 101.2 MPH)
Aito Harada to second
Batting: RHB Nelson Ozuna 0-0: Ball
1-0: Ball
2-0: Ball
3-0: Base on Balls
Aito Harada to third
Ron Corn to second
Batting: LHB Micah Boshnjaku 0-0: Ball
1-0: Ball
2-0: Foul Ball, location: 2F
2-1: Ball
3-1: Swinging Strike
3-2: Foul Ball, location: 2F
3-2: Base on Balls
Aito Harada scores
Ron Corn to third
Nelson Ozuna to second
Batting: RHB Jeremy Boerman 0-0: Ball
1-0: Ball
2-0: Foul Ball, location: 2F
2-1: Ball
3-1: Base on Balls
Ron Corn scores
Nelson Ozuna to third
Micah Boshnjaku to second
Pitching: RHP Ricky Rivera
Batting: RHB Brian Moore 0-0: Ball
1-0: Called Strike
1-1: Called Strike
1-2: Ball
2-2: Ball
3-2: SINGLE (Line Drive, 8RS, EV 107.5 MPH)
Nelson Ozuna scores
Micah Boshnjaku to third
Jeremy Boerman to second
Batting: RHB Chris Pozzi 0-0: SINGLE (Flyball, 6MD, EV 90.6 MPH)
Micah Boshnjaku scores
Jeremy Boerman to third
Brian Moore to second
Batting: LHB Jesse Henly 0-0: Ball
1-0: Called Strike
1-1: Ball
2-1: Swinging Strike
2-2: Ball
3-2: Base on Balls
Jeremy Boerman scores
Brian Moore to third
Chris Pozzi to second
Batting: LHB Aito Harada 0-0: Foul Ball, location: 2F
0-1: Called Strike
0-2: Strikes out swinging
Batting: RHB Killian Jones 0-0: Foul Ball, location: 2F
0-1: Called Strike
0-2: Ball
1-2: Foul Ball, location: 2F
1-2: Strikes out swinging
Bottom of the 8th over - 5 runs, 3 hits, 0 errors, 3 left on base; Mississippi 3 - Altoona 8
TOP OF THE 9TH
Mississippi Braves batting - Pitching for Altoona Curve : RHP Joel Olausson
Batting: RHB Riley Nasiir 0-0: Called Strike
0-1: Ball
1-1: Ball
2-1: Foul Ball, location: 2F
2-2: Foul Ball, location: 2F
2-2: Foul Ball, location: 2F
2-2: Ball
3-2: Base on Balls
Batting: LHB Jose Chinchilla 0-0: Ball
1-0: Fielders Choice at 2nd, 4-6 (Groundball, 34, EV 88.1 MPH)
Now at SS: Keiji Nakajima
Batting: SHB Bob Morales 0-0: Ball
1-0: Ball
2-0: Ball
3-0: Base on Balls
Jose Chinchilla to second
Batting: RHB Justin McQuarter 0-0: Called Strike
0-1: SINGLE (Groundball, 4D, EV 103.8 MPH)
Jose Chinchilla to third
Bob Morales to second
Batting: RHB Jack Power 0-0: Foul Ball, location: 2F
0-1: Foul Ball, location: 2F
0-2: Ball
1-2: Strikes out looking
Pinch Hitting: LHB Travis Lazaro 0-0: Fly out, F7 (Flyball, 78S, EV 75.0 MPH)
Top of the 9th over - 0 runs, 1 hit, 0 errors, 3 left on base; Mississippi 3 - Altoona 8
Wednesday, June 22nd , 2022 - OOTP Baseball 23.4 Build 64